[Event "Titled Tuesday Blitz July 6 2021"]
[White "Dzhaparov, Medet"]
[Black "Rorrer, Grayson"]
[WhiteFideId "13803689"]
[BlackFideId "30944996"]
[WhiteElo "1702"]
[BlackElo "2122"]
[Result "0-1"]
[Round "11"]
[TimeControl "180+1"]
[Date "2021.07.06"]
[WhiteClock "0:00:03"]
[BlackClock "0:01:25"]

1. d4 Nf6 2. c4 e6 3. Nc3 Bb4 4. Qc2 Nc6 5. Nf3 d6 6. a3 Bxc3+ 7. Qxc3 O-O 8. Bg5 h6 9. Bh4 g5 10. Bg3 Ne4 11. Qc2 f5 12. e3 Qf6 13. Bd3 Nxg3 14. hxg3 e5 15. dxe5 dxe5 16. c5 Kg7 17. Bb5 Bd7 18. O-O-O Be8 19. Qc3 e4 20. Bxc6 Qxc3+ 21. bxc3 Bxc6 22. Nd4 Bd5 23. Nb5 c6 24. Nd6 b6 25. c4 Be6 26. Kc2 bxc5 27. Kc3 Rab8 28. Rb1 Rb6 29. g4 fxg4 30. Nxe4 Bf5 31. Rxb6 axb6 32. Nd2 Ra8 33. e4 Bg6 34. Kb2 Bf7 35. Re1 Kf6 36. e5+ Ke6 37. Rh1 h5 38. Re1 Bg6 39. Kb3 Rd8 40. Kc3 Rd3+ 41. Kc2 Re3+ 42. Kd1 Bc2+ 43. Kxc2 Rxe1 0-1


[Site "https://www.chess.com"]

[Event "Titled Tuesday Blitz July 6 2021"]
[White "Elgersma, Onno"]
[Black "Vakhlamov, Igor L."]
[WhiteFideId "1053531"]
[BlackFideId "24126748"]
[WhiteElo "2512"]
[BlackElo "2416"]
[Result "0-1"]
[Round "11"]
[TimeControl "180+1"]
[Date "2021.07.06"]
[WhiteClock "0:00:58"]
[BlackClock "0:01:34"]

1. e4 c5 2. Nc3 Nc6 3. Nf3 g6 4. Bb5 Bg7 5. O-O e5 6. d3 Nge7 7. Nd5 O-O 8. Nxe7+ Qxe7 9. Nd2 d6 10. Bxc6 bxc6 11. Nc4 f5 12. exf5 Bxf5 13. f4 e4 14. Kh1 exd3 15. cxd3 Rae8 16. Qf3 d5 17. Ne5 Bxe5 18. fxe5 Bg4 19. Qxf8+ Rxf8 20. Rxf8+ Qxf8 21. Be3 d4 22. Bg5 Qf2 23. h3 Be6 0-1


[Site "https://www.chess.com"]

[Event "Titled Tuesday Blitz July 6 2021"]
[White "Eynullayev, Altay"]
[Black "Garcia Blanco, Omar"]
[WhiteFideId "13413562"]
[BlackFideId "2287153"]
[WhiteElo "2079"]
[BlackElo "2273"]
[Result "1-0"]
[Round "11"]
[TimeControl "180+1"]
[Date "2021.07.06"]
[WhiteClock "0:00:04"]
[BlackClock "0:00:01"]

1. d4 Nf6 2. c4 g6 3. Nc3 d5 4. cxd5 Nxd5 5. e4 Nxc3 6. bxc3 Bg7 7. Nf3 c5 8. h3 Nc6 9. Be3 O-O 10. Be2 b6 11. O-O Bb7 12. d5 Na5 13. Rc1 e6 14. c4 exd5 15. exd5 Re8 16. Bd3 Qd7 17. Re1 Re7 18. Qd2 Rae8 19. Bg5 Rxe1+ 20. Rxe1 Rxe1+ 21. Qxe1 h6 22. Be7 Ba6 23. d6 Bxc4 24. Bc2 Nb7 25. Qe4 Be6 26. Ne5 Qc8 27. Nxg6 fxg6 28. Qxg6 Na5 29. Qh7+ Kf7 30. Bg6# 1-0


[Site "https://www.chess.com"]

[Event "Titled Tuesday Blitz July 6 2021"]
[White "Flores Quillas, Diego Saul Rodri"]
[Black "Gunina, Valentina"]
[WhiteFideId "3822508"]
[BlackFideId "4167570"]
[WhiteElo "2071"]
[BlackElo "2399"]
[Result "0-1"]
[Round "11"]
[TimeControl "180+1"]
[Date "2021.07.06"]
[WhiteClock "0:00:32"]
[BlackClock "0:02:27"]

1. e4 c6 2. d4 d5 3. Nc3 dxe4 4. Nxe4 Nf6 5. Nxf6+ exf6 6. c3 Bd6 7. Bd3 O-O 8. Qc2 Re8+ 9. Ne2 h5 10. Be3 Nd7 11. O-O-O Nf8 12. h3 Be6 13. Kb1 Qa5 14. b3 Ng6 15. Rdg1 f5 16. Bd2 Qc7 17. c4 a5 18. Nc3 Qd7 19. d5 cxd5 20. cxd5 Bxd5 21. Nxd5 Be5 22. f4 Bd4 23. Nc3 Bxg1 24. Rxg1 Red8 0-1


[Site "https://www.chess.com"]

[Event "Titled Tuesday Blitz July 6 2021"]
[White "Gelman, Alexander"]
[Black "Pereira, Juliano Resende M"]
[WhiteFideId "4118316"]
[BlackFideId "2109816"]
[WhiteElo "2375"]
[BlackElo "2448"]
[Result "1-0"]
[Round "11"]
[TimeControl "180+1"]
[Date "2021.07.06"]
[WhiteClock "0:00:20"]
[BlackClock "0:00:10"]

1. d4 Nf6 2. Nc3 d5 3. Bf4 c6 4. f3 Qb6 5. Qd2 Qxb2 6. Rb1 Qa3 7. e4 e6 8. Bd3 Bb4 9. Nge2 Qa5 10. O-O O-O 11. a3 Be7 12. Nxd5 Qd8 13. Nc7 Nh5 14. Nxa8 Nxf4 15. Qxf4 Bd6 16. e5 Be7 17. Qe4 g6 18. c4 b6 19. c5 b5 20. a4 Bb7 21. axb5 Bxa8 22. b6 axb6 23. Rxb6 Nd7 24. Ra6 Bb7 25. Ra2 Qc7 26. Bc4 Rd8 27. h4 Bf8 28. Rb1 Bc8 29. Ra8 Kg7 30. h5 Be7 31. Qf4 g5 32. h6+ Kg8 33. Qe4 Nf8 34. Rbb8 Bb7 35. Rxd8 Bxd8 36. Ra7 Qb8 37. Ra1 Qc8 38. Ng3 Ng6 39. Nh5 Be7 40. Nf6+ Bxf6 41. exf6 Nf4 42. g3 Nh5 43. Kg2 Nxf6 44. Qe5 Nd7 45. Qxg5+ Kf8 46. Qg7+ Ke7 47. Qxh7 Nf6 48. Qg7 Qd7 49. Ra7 Qxd4 50. Rxb7+ Ke8 51. Qh8+ Ng8 52. Qxg8# 1-0


[Site "https://www.chess.com"]

[Event "Titled Tuesday Blitz July 6 2021"]
[White "Gontcharov, Vladislav"]
[Black "Kokoszczynski, Jan"]
[WhiteFideId "4123492"]
[BlackFideId "1174460"]
[WhiteElo "2503"]
[BlackElo "2166"]
[Result "0-1"]
[Round "11"]
[TimeControl "180+1"]
[Date "2021.07.06"]
[WhiteClock "0:00:10"]
[BlackClock "0:00:14"]

1. e4 c5 2. Nf3 Nc6 3. d4 cxd4 4. Nxd4 e5 5. Nb5 d6 6. c4 g6 7. g3 Be6 8. b3 a6 9. N5c3 Bg7 10. Bg2 Nf6 11. O-O O-O 12. h3 Rc8 13. Be3 b5 14. cxb5 Nd4 15. bxa6 Qa5 16. Bd2 Qxa6 17. b4 Rfd8 18. b5 Qa7 19. a4 d5 20. exd5 Nxd5 21. Nxd5 Bxd5 22. Bxd5 Rxd5 23. Nc3 Rd7 24. Ne4 f5 25. Nc3 Qb7 26. f4 e4 27. Qe1 Nc2 28. Qe2 Nxa1 29. Rxa1 Bxc3 30. Bxc3 Rxc3 31. a5 Rxg3+ 32. Kh2 Rgd3 33. Ra2 e3 34. Kg3 Qe4 35. a6 R7d4 36. a7 Qxf4+ 37. Kg2 Qe4+ 38. Qf3 Rd2+ 39. Kg3 f4+ 40. Kh4 Qxf3 41. a8=Q+ Qxa8 42. Rxa8+ Rd8 43. Ra7 e2 44. Re7 f3 45. Kg5 f2 46. Kh6 f1=Q 47. Rg7+ Kf8 48. Rxh7 Qxh3+ 49. Kxg6 Qd3+ 50. Kg5 Qxh7 51. b6 e1=Q 52. b7 Qeh4# 0-1


[Site "https://www.chess.com"]

[Event "Titled Tuesday Blitz July 6 2021"]
[White "Harshavardhan G B"]
[Black "Malka, Samuel"]
[WhiteFideId "25059009"]
[BlackFideId "20643675"]
[WhiteElo "1825"]
[BlackElo "2481"]
[Result "0-1"]
[Round "11"]
[TimeControl "180+1"]
[Date "2021.07.06"]
[WhiteClock "0:00:33"]
[BlackClock "0:00:15"]

1. e4 c5 2. Nc3 d6 3. f4 g6 4. Nf3 Bg7 5. Bc4 Nc6 6. O-O e6 7. d3 Nge7 8. a4 d5 9. exd5 exd5 10. Ba2 O-O 11. Bd2 Qd6 12. Qe1 a6 13. Kh1 Nb4 14. Bb3 Be6 15. Ne5 Nf5 16. g4 Nd4 17. Qg3 Nbxc2 18. Bxc2 Nxc2 19. Rac1 Nd4 20. Rce1 f5 21. g5 Rfe8 22. h4 Bf7 23. Rf2 b5 24. Rh2 Bxe5 25. fxe5 Qc6 26. h5 Ne6 27. Ne2 d4+ 28. Kg1 gxh5 29. g6 Bxg6 30. Rxh5 Kh8 31. Rh6 Rg8 32. Kf2 Ra7 33. Reh1 Rag7 34. Qxg6 Qxh1 35. Qxg7+ Rxg7 36. Rxh1 c4 37. Nf4 Nxf4 0-1


[Site "https://www.chess.com"]

[Event "Titled Tuesday Blitz July 6 2021"]
[White "Hebden, Mark L"]
[Black "Koridze, Lile"]
[WhiteFideId "400084"]
[BlackFideId "13612514"]
[WhiteElo "2457"]
[BlackElo "1978"]
[Result "1-0"]
[Round "11"]
[TimeControl "180+1"]
[Date "2021.07.06"]
[WhiteClock "0:00:46"]
[BlackClock "0:00:16"]

1. d4 Nf6 2. Nf3 d5 3. c4 e6 4. Bg5 Bb4+ 5. Nc3 O-O 6. e3 h6 7. Bxf6 Qxf6 8. Qb3 Bxc3+ 9. Qxc3 dxc4 10. Bxc4 c5 11. O-O cxd4 12. Qxd4 Qe7 13. Rfd1 Nc6 14. Qd6 Qf6 15. Bb5 Qxb2 16. Bxc6 bxc6 17. Rab1 Qc3 18. Rdc1 Qa5 19. Nd4 Rd8 20. Qe7 Bd7 21. h4 Qxa2 22. Rb7 Qd5 23. Nxc6 Rac8 24. Qxd8+ Rxd8 25. Ne7+ Kf8 26. Nxd5 exd5 27. Rxa7 Be6 28. Rd1 Rb8 29. Rd4 Rb2 30. f3 g6 31. Ra5 Re2 32. Ra3 h5 33. Kf1 Rb2 34. Kg1 Kg7 35. Rd1 Rb4 36. g3 Rb2 37. Rf1 Bh3 38. Rf2 Rb1+ 39. Kh2 Be6 40. Rd2 Rf1 41. Kg2 Rb1 42. Rad3 Re1 43. Kf2 Ra1 44. Rxd5 Bxd5 45. Rxd5 Ra2+ 46. Kf1 Kf6 47. e4 Ke6 48. Rb5 Rd2 49. Rg5 Ra2 50. g4 hxg4 51. Rxg4 Ke5 52. Rg2 Ra3 53. Kf2 Kf4 54. Rg4+ Ke5 55. Kg3 Ra1 56. Rg5+ Ke6 57. Kf4 Rh1 58. Rg4 f6 59. Rxg6 Rxh4+ 60. Ke3 Ke5 61. Rg8 Rh1 62. Re8+ Kd6 63. Kf4 Rf1 64. Kg4 Rf2 65. f4 Kd7 66. Ra8 Ke7 67. Ra7+ Ke6 68. Ra6+ Kf7 69. Kf5 Ke7 70. Re6+ Kd7 71. Rxf6 Ke7 72. Rg6 Kf7 73. Rh6 Kg7 74. Rh4 Kf7 75. e5 Rb2 76. Rh7+ Kg8 77. Rd7 Rb4 78. e6 Kf8 79. Ke5 Ke8 80. f5 Rb5+ 81. Kf6 Rb2 82. Rh7 1-0


[Site "https://www.chess.com"]

[Event "Titled Tuesday Blitz July 6 2021"]
[White "Hryshchenko, Kamila"]
[Black "Kim, Sergey"]
[WhiteFideId "14147491"]
[BlackFideId "13700570"]
[WhiteElo "1966"]
[BlackElo "2430"]
[Result "1/2-1/2"]
[Round "11"]
[TimeControl "180+1"]
[Date "2021.07.06"]
[WhiteClock "0:00:08"]
[BlackClock "0:00:14"]

1. e4 e5 2. Nf3 Nc6 3. Bb5 a6 4. Ba4 Nf6 5. d4 exd4 6. O-O Be7 7. e5 Ne4 8. Nxd4 Nxd4 9. Qxd4 Nc5 10. Bb3 Nxb3 11. axb3 O-O 12. Nc3 d6 13. Bf4 Bf5 14. exd6 cxd6 15. Qd2 Bf6 16. Rfe1 Re8 17. Rxe8+ Qxe8 18. Re1 Qd8 19. Nd5 h6 20. c3 Be6 21. Nxf6+ Qxf6 22. Qxd6 Rd8 23. Qb6 Bxb3 24. Qxb3 Qxf4 25. Qxb7 Rd2 26. Qb6 Kh7 27. h3 Rc2 28. Rf1 Qd2 29. Qxa6 Rxb2 30. Qc4 f5 31. Qc5 Qd3 32. Re1 Rc2 33. Re3 Qd7 34. Rf3 Qe6 35. h4 Qe1+ 36. Kh2 Qe4 37. Qd4 Qxd4 38. cxd4 Rd2 39. Rf4 Kg6 40. Kg3 Kf6 41. h5 Kg5 42. Rh4 Rd3+ 43. f3 Rd2 44. Rh1 Rxd4 45. Rh3 1/2-1/2


[Site "https://www.chess.com"]

[Event "Titled Tuesday Blitz July 6 2021"]
[White "Ibrahimli, Murad"]
[Black "Zhigalko, Sergei"]
[WhiteFideId "13410229"]
[BlackFideId "13502956"]
[WhiteElo "2109"]
[BlackElo "2662"]
[Result "0-1"]
[Round "11"]
[TimeControl "180+1"]
[Date "2021.07.06"]
[WhiteClock "0:00:09"]
[BlackClock "0:00:09"]

1. d4 Nf6 2. c4 e6 3. Nf3 b6 4. g3 Ba6 5. b3 Bb4+ 6. Bd2 Be7 7. Bg2 c6 8. O-O d5 9. Bc3 Nbd7 10. Nbd2 O-O 11. Re1 c5 12. e4 Rc8 13. cxd5 exd5 14. e5 Ne8 15. e6 fxe6 16. Rxe6 Nc7 17. Re3 Bf6 18. a4 Re8 19. Qe1 Rxe3 20. Qxe3 Qe8 21. Re1 Qxe3 22. Rxe3 Rd8 23. h4 h6 24. Bh3 Kf8 25. h5 Nb8 26. Ne5 Bxe5 27. Rxe5 Nc6 28. Rf5+ Kg8 29. Nf3 Bc8 30. Kf1 a5 31. Kg2 Bxf5 32. Bxf5 c4 33. Bc2 Nb4 34. Bd1 Na2 35. Be1 c3 36. Ne5 Ne6 37. Nc6 Rd6 38. Ne7+ Kf7 39. Nf5 Rd7 40. f4 Kf8 41. Kf2 Rc7 42. Ne3 Nxd4 43. Nc2 Nxc2 44. Bxc2 Nb4 0-1


[Site "https://www.chess.com"]

[Event "Titled Tuesday Blitz July 6 2021"]
[White "Jakubowski, Krzysztof"]
[Black "Vovk, Orest"]
[WhiteFideId "1112848"]
[BlackFideId "14113490"]
[WhiteElo "2462"]
[BlackElo "2203"]
[Result "1-0"]
[Round "11"]
[TimeControl "180+1"]
[Date "2021.07.06"]
[WhiteClock "0:00:28"]
[BlackClock "0:00:01"]

1. e4 g5 2. h4 g4 3. d4 Bg7 4. h5 c5 5. d5 d6 6. c4 Be5 7. Bd3 g3 8. f4 Bd4 9. Nf3 Bf2+ 10. Kd2 Qa5+ 11. Nc3 Nf6 12. Kc2 Na6 13. a3 Nb4+ 14. Kb3 Nxd3 15. Qxd3 b5 16. cxb5 a6 17. e5 Nd7 18. Ka2 axb5 19. Nxb5 Ba6 20. e6 fxe6 21. dxe6 Nf6 22. Nxd6+ exd6 23. Qxd6 Bc4+ 24. b3 Bd5 25. Bb2 c4 26. Bxf6 cxb3+ 27. Kb2 Qa7 28. Qd7+ Qxd7 29. exd7+ Kxd7 30. Rhd1 Ke6 31. Bxh8 Rxh8 32. Ng5+ Kd6 33. Nf7+ Ke6 34. Nxh8 Bxg2 35. Rac1 Be4 36. Kxb3 Bf3 37. Re1+ 1-0


[Site "https://www.chess.com"]

[Event "Titled Tuesday Blitz July 6 2021"]
[White "Juhasz, Agoston"]
[Black "Tologon tegin, Semetei"]
[WhiteFideId "778346"]
[BlackFideId "13800574"]
[WhiteElo "2211"]
[BlackElo "2224"]
[Result "1-0"]
[Round "11"]
[TimeControl "180+1"]
[Date "2021.07.06"]
[WhiteClock "0:00:17"]
[BlackClock "0:01:34"]

1. e4 c5 2. Nc3 d6 3. g3 g6 4. Bg2 Bg7 5. d3 Nc6 6. Be3 e6 7. Nf3 Nd4 8. O-O Ne7 9. Qd2 O-O 10. Bh6 Nec6 11. Nxd4 Nxd4 12. Bxg7 Kxg7 13. Nd1 e5 14. c3 Nc6 15. Ne3 Be6 16. f4 f6 17. Rf2 Qd7 18. Raf1 Ne7 19. h4 exf4 20. gxf4 f5 21. e5 dxe5 22. fxe5 Rad8 23. Rd1 Bxa2 24. d4 cxd4 25. cxd4 Bb3 26. d5 Bxd1 27. Qxd1 f4 28. Ng4 Nxd5 29. Rd2 f3 30. Bxf3 Rxf3 31. Qxf3 Qc6 32. Rf2 Qe6 33. Kg2 Qxg4+ 34. Qxg4 Ne3+ 35. Kf3 Nxg4 36. Kxg4 Rd5 37. Kf4 Kf7 38. Ke4+ Ke6 39. Rf6+ Ke7 40. Kxd5 1-0


[Site "https://www.chess.com"]

[Event "Titled Tuesday Blitz July 6 2021"]
[White "Julianos82"]
[Black "Prraneeth Vuppala"]
[BlackFideId "46622373"]
[WhiteElo "2356"]
[BlackElo "1759"]
[Result "0-1"]
[Round "11"]
[TimeControl "180+1"]
[Date "2021.07.06"]
[WhiteClock "0:00:05"]
[BlackClock "0:00:30"]

1. d4 Nf6 2. Nf3 g6 3. c4 Bg7 4. Nc3 d5 5. cxd5 Nxd5 6. Na4 O-O 7. Bg5 Bg4 8. e3 Nd7 9. Be2 h6 10. Bh4 c5 11. Nxc5 Nxc5 12. dxc5 Qa5+ 13. Nd2 Bxe2 14. Qxe2 Qxc5 15. O-O Bxb2 16. Nb3 Qa3 17. e4 Bxa1 18. Rxa1 Nf6 19. e5 Nd5 20. e6 Qd6 21. Re1 Nf4 22. Qg4 Nxe6 23. Bg3 Qd5 24. Re5 h5 25. Qe2 Nd4 26. Qd3 Nf3+ 27. Qxf3 Qxf3 28. gxf3 e6 29. Rc5 Rfc8 30. Kf1 b6 31. Rxc8+ Rxc8 32. Be5 Rc2 33. a4 Ra2 34. a5 bxa5 35. Bf6 a4 36. Na1 a3 37. f4 a5 38. h4 a4 39. Ke1 Kf8 40. Bd4 Ke8 41. Kd1 Rb2 42. Nc2 Rb1+ 43. Kd2 a2 44. Na1 Kd7 45. Kc2 Kd6 46. Bb2 Kd5 47. Be5 Ke4 48. Kd2 Kf3 49. Bd4 Kxf4 50. Nc2 Kg4 51. Bf6 g5 52. hxg5 h4 53. Ke2 h3 54. f4 h2 55. Ne3+ Kh5 56. g6 Kxg6 57. f5+ exf5 58. Be5 h1=Q 59. Nc2 Qf1+ 60. Kd2 Rd1+ 0-1


[Site "https://www.chess.com"]

[Event "Titled Tuesday Blitz July 6 2021"]
[White "Kalajzic, Ivan"]
[Black "Pavlidis, Anastasios"]
[WhiteFideId "14506378"]
[BlackFideId "4208404"]
[WhiteElo "2163"]
[BlackElo "2136"]
[Result "1/2-1/2"]
[Round "11"]
[TimeControl "180+1"]
[Date "2021.07.06"]
[WhiteClock "0:00:16"]
[BlackClock "0:00:38"]

1. b3 e5 2. Bb2 d6 3. e3 Nc6 4. Nf3 Bg4 5. h3 Bh5 6. Be2 Qd7 7. d4 exd4 8. Nxd4 Nxd4 9. Bxh5 Ne6 10. Bf3 O-O-O 11. Nc3 c6 12. Qd2 d5 13. O-O-O Bb4 14. Bg4 Nf6 15. Bxe6 fxe6 16. Qd4 c5 17. Qh4 Rhf8 18. f3 Qc7 19. Nb5 Qa5 20. a3 Qxb5 21. axb4 cxb4 22. Bxf6 gxf6 23. Qxh7 Kb8 24. Qd3 Qc5 25. Qd4 Qa5 26. Kb1 e5 27. Qb2 Rc8 28. f4 Qb6 29. fxe5 fxe5 30. Qxe5+ Ka8 31. Qd4 Qc6 32. Rd2 Rfe8 33. Qxd5 Qc3 34. Qd4 Qc6 35. Qxb4 Rxe3 36. Rhd1 a6 37. Kb2 Qf6+ 38. Qd4 Qh6 39. Rd3 Re2 40. R1d2 Re6 41. Rc3 Rec6 42. Rxc6 Rxc6 43. Qd8+ Ka7 44. Qd4+ Ka8 45. Qd8+ Ka7 46. Qd4+ Ka8 1/2-1/2


[Site "https://www.chess.com"]

[Event "Titled Tuesday Blitz July 6 2021"]
[White "Kekic, Armin"]
[Black "Villegas, Pierre"]
[WhiteFideId "14401274"]
[BlackFideId "654183"]
[WhiteElo "2359"]
[BlackElo "2411"]
[Result "0-1"]
[Round "11"]
[TimeControl "180+1"]
[Date "2021.07.06"]
[WhiteClock "0:00:01"]
[BlackClock "0:00:35"]

1. e4 c6 2. d4 d5 3. Nc3 b5 4. a3 a6 5. Bf4 e6 6. Nf3 Nf6 7. Bd3 Be7 8. O-O O-O 9. h3 Bb7 10. Re1 c5 11. exd5 c4 12. d6 Bxd6 13. Bxd6 Qxd6 14. Ne4 Nxe4 15. Bxe4 Bxe4 16. Rxe4 Nd7 17. c3 a5 18. Qe2 Rfc8 19. Ne5 Nf6 20. Rf4 Rc7 21. Qf3 Rac8 22. Re1 b4 23. axb4 axb4 24. Re3 Nd5 25. Rxf7 Nxe3 26. fxe3 bxc3 27. bxc3 Rf8 28. Rxf8+ Qxf8 29. Qxf8+ Kxf8 30. Kf2 Ra7 31. Nxc4 Rc7 32. Ne5 Rxc3 33. Kf3 Ke7 34. h4 g6 35. g3 Rc1 36. Nd3 Rc8 37. Ne5 Rf8+ 38. Kg2 Kd6 39. e4 Ke7 40. Nf3 Rb8 41. Kf2 Rb3 42. g4 h5 43. gxh5 gxh5 44. Kg3 Rb2 45. Kf4 Rg2 46. d5 Rg4+ 47. Ke3 exd5 48. exd5 Kd6 49. Nd4 Kxd5 50. Nf5 Ke5 51. Ne7 Kf6 52. Nd5+ Ke5 0-1


[Site "https://www.chess.com"]

[Event "Titled Tuesday Blitz July 6 2021"]
[White "Keymer, Vincent"]
[Black "Abdurakhmonov, Mukhammadali"]
[WhiteFideId "12940690"]
[BlackFideId "14207346"]
[WhiteElo "2474"]
[BlackElo "2266"]
[Result "1-0"]
[Round "11"]
[TimeControl "180+1"]
[Date "2021.07.06"]
[WhiteClock "0:00:06"]
[BlackClock "0:00:04"]

1. Nf3 Nf6 2. c4 g6 3. Nc3 Bg7 4. g3 O-O 5. Bg2 d6 6. O-O Nc6 7. d4 Bg4 8. h3 Bxf3 9. Bxf3 Nd7 10. e3 e5 11. d5 Ne7 12. e4 f5 13. h4 Nf6 14. h5 Qd7 15. Bg5 f4 16. Kg2 Nxh5 17. Bxh5 gxh5 18. Qxh5 f3+ 19. Kh2 Ng6 20. Rh1 Bf6 21. Be3 Rf7 22. Nb1 Raf8 23. Nd2 Bd8 24. Bh6 Re8 25. Nxf3 c6 26. Kg2 cxd5 27. cxd5 Qb5 28. Rac1 Bb6 29. Rhf1 Qxb2 30. Qg4 Qe2 31. Rc3 Kh8 32. Rc8 Bd8 33. Nxe5 Qxg4 34. Nxg4 Kg8 35. Bg5 Rd7 36. Nf6+ Bxf6 37. Rxe8+ Kf7 38. Bxf6 Kxe8 39. f4 Rc7 40. Kf3 Rc2 41. Rf2 Rc1 42. g4 Kf7 43. Bd4 Rd1 44. Bxa7 Rd3+ 45. Be3 Nh4+ 46. Ke2 Ra3 47. Rh2 Rxa2+ 48. Bd2 Rxd2+ 49. Kxd2 Nf3+ 50. Ke3 Nxh2 51. g5 h5 52. gxh6 Ng4+ 53. Kd4 Nxh6 54. e5 Ke7 55. Kc4 Kd7 56. Kb5 Nf7 57. e6+ 1-0


[Site "https://www.chess.com"]

[Event "Titled Tuesday Blitz July 6 2021"]
[White "Khalafova, Narmin"]
[Black "Sieciechowicz, Marcin"]
[WhiteFideId "13402625"]
[BlackFideId "1130170"]
[WhiteElo "2109"]
[BlackElo "2302"]
[Result "1-0"]
[Round "11"]
[TimeControl "180+1"]
[Date "2021.07.06"]
[WhiteClock "0:00:09"]
[BlackClock "0:00:04"]

1. e4 c5 2. Be2 d6 3. f4 g6 4. Nf3 Bg7 5. O-O Nc6 6. c3 Bg4 7. Na3 e6 8. Nc2 Nge7 9. Ne3 Bxf3 10. Rxf3 Qd7 11. f5 exf5 12. exf5 Ne5 13. Rf1 Nxf5 14. Nxf5 gxf5 15. d4 cxd4 16. cxd4 Nc6 17. Be3 O-O 18. Bd3 Qe6 19. Qd2 Qxe3+ 20. Qxe3 Bxd4 21. Qxd4 Nxd4 22. Rf4 Ne6 23. Rxf5 Kg7 24. Raf1 f6 25. Rd5 Nc5 26. Rxd6 Rad8 27. Rxd8 Rxd8 28. Bc4 Rd2 29. Rf2 Rd4 30. Rc2 Ne4 31. g3 f5 32. Kg2 Kf6 33. Bg8 h6 34. Kf3 Ke5 35. Ke3 Rd8 36. Bb3 Rd7 37. Rc8 b6 38. Re8+ Kf6 39. Re6+ Kg7 40. Re5 Nc5 41. Bc2 1-0


[Site "https://www.chess.com"]

[Event "Titled Tuesday Blitz July 6 2021"]
[White "Khusnutdinov, Rustam"]
[Black "Riazantsev, Alexander"]
[WhiteFideId "13701703"]
[BlackFideId "4125029"]
[WhiteElo "2571"]
[BlackElo "2497"]
[Result "1-0"]
[Round "11"]
[TimeControl "180+1"]
[Date "2021.07.06"]
[WhiteClock "0:01:53"]
[BlackClock "0:01:13"]

1. e4 c5 2. Nf3 d6 3. Bb5+ Bd7 4. Bxd7+ Qxd7 5. O-O Nc6 6. c3 d5 7. exd5 Qxd5 8. d4 cxd4 9. cxd4 e6 10. Nc3 Qd7 11. d5 exd5 12. Bf4 Bd6 13. Re1+ Nge7 14. Bxd6 Qxd6 15. Nxd5 Rd8 16. Nxe7 Nxe7 17. Qa4+ Qd7 18. Qe4 Kf8 19. Rad1 Qc7 20. Qxb7 1-0


[Site "https://www.chess.com"]

[Event "Titled Tuesday Blitz July 6 2021"]
[White "Kiltti, Jyrki"]
[Black "Vyatkin, Dmitry"]
[WhiteFideId "501204"]
[BlackFideId "4171900"]
[WhiteElo "2245"]
[BlackElo "2279"]
[Result "1/2-1/2"]
[Round "11"]
[TimeControl "180+1"]
[Date "2021.07.06"]
[WhiteClock "0:02:41"]
[BlackClock "0:02:16"]

1. Nc3 Nf6 2. f4 d5 3. d3 g6 4. e4 dxe4 5. Nxe4 Nxe4 6. dxe4 Qxd1+ 7. Kxd1 Bg7 8. c3 Nc6 9. Nf3 Bd7 10. Kc2 O-O-O 11. Be3 e5 12. fxe5 Kb8 13. Bc4 Nxe5 14. Nxe5 Bxe5 15. Bxf7 Bc6 16. Bd5 Bxd5 17. exd5 Rxd5 18. Rad1 Rxd1 1/2-1/2


[Site "https://www.chess.com"]

[Event "Titled Tuesday Blitz July 6 2021"]
[White "Kobo, Ori"]
[Black "Moroni, Luca Jr"]
[WhiteFideId "2812320"]
[BlackFideId "865834"]
[WhiteElo "2431"]
[BlackElo "2491"]
[Result "1-0"]
[Round "11"]
[TimeControl "180+1"]
[Date "2021.07.06"]
[WhiteClock "0:00:23"]
[BlackClock "0:00:43"]

1. Nf3 g6 2. e4 Bg7 3. d4 d6 4. Nc3 Nf6 5. Be3 O-O 6. Qd2 d5 7. e5 Ne4 8. Nxe4 dxe4 9. Ng5 c5 10. c3 Nc6 11. Nxe4 cxd4 12. cxd4 Bf5 13. Ng3 Be6 14. Be2 f6 15. exf6 Bxf6 16. O-O Nxd4 17. Rfd1 Nxe2+ 18. Qxe2 Bd5 19. Bh6 Rf7 20. Ne4 Bh8 21. Ng5 Rf5 22. Rxd5 Qxd5 23. Qxe7 Rxg5 24. Bxg5 Bxb2 25. Re1 Bc3 26. Rc1 Bb2 27. Re1 Bg7 28. h4 Rf8 29. Re2 h6 30. Rd2 Qf7 31. Qxf7+ Rxf7 32. Be3 a6 33. Rd6 Kh7 34. Rb6 h5 35. g3 Rd7 36. Kg2 Bf6 37. Rxf6 b5 38. Rxa6 1-0


[Site "https://www.chess.com"]

[Event "Titled Tuesday Blitz July 6 2021"]
[White "Koellner, Ruben Gideon"]
[Black "Pakleza, Zbigniew"]
[WhiteFideId "12993093"]
[BlackFideId "1119290"]
[WhiteElo "2555"]
[BlackElo "2526"]
[Result "0-1"]
[Round "11"]
[TimeControl "180+1"]
[Date "2021.07.06"]
[WhiteClock "0:00:01"]
[BlackClock "0:00:06"]

1. d4 d6 2. Nf3 Bg4 3. Nbd2 Nf6 4. e4 e6 5. c3 Be7 6. h3 Bh5 7. Bd3 d5 8. e5 Nfd7 9. Qe2 c5 10. O-O Nc6 11. Qe3 Qb6 12. Qf4 O-O 13. Re1 Rac8 14. a3 a5 15. h4 a4 16. g4 Bg6 17. Qe3 cxd4 18. cxd4 Na5 19. h5 Bxd3 20. Qxd3 Rfe8 21. Rb1 Rc7 22. Nf1 Qb3 23. Qxb3 Nxb3 24. Be3 Nb6 25. N1d2 Nxd2 26. Bxd2 Nc4 27. Rec1 Rec8 28. Be1 Kf8 29. Rc2 Ke8 30. Rbc1 Kd7 31. g5 g6 32. h6 Nxb2 33. Rxc7+ Rxc7 34. Rb1 Bxa3 35. Nh2 Nc4 36. Ng4 Be7 37. Bb4 Bxg5 38. Bf8 b6 0-1


[Site "https://www.chess.com"]

[Event "Titled Tuesday Blitz July 6 2021"]
[White "Korchmar, Vasiliy"]
[Black "Nguyen, Quoc Hy"]
[WhiteFideId "24131750"]
[BlackFideId "12410853"]
[WhiteElo "2370"]
[BlackElo "1975"]
[Result "0-1"]
[Round "11"]
[TimeControl "180+1"]
[Date "2021.07.06"]
[WhiteClock "0:00:57"]
[BlackClock "0:01:35"]

1. e4 c5 2. Nf3 d6 3. d4 cxd4 4. Nxd4 Nf6 5. Nc3 a6 6. Be2 e6 7. g4 Be7 8. g5 Nfd7 9. h4 b5 10. a3 Bb7 11. Be3 Nc6 12. Nxc6 Bxc6 13. Qd2 Rc8 14. h5 Qa5 15. O-O-O Nc5 16. g6 b4 17. gxf7+ Kxf7 18. axb4 Qa1+ 19. Nb1 Nb3+ 20. cxb3 Bxe4+ 21. Qc3 Rxc3+ 22. bxc3 Qxb1+ 23. Kd2 Qc2+ 24. Ke1 Bxh1 25. Rd5 Bxd5 26. h6 Qxc3+ 27. Kf1 gxh6 28. Bh5+ Kg7 29. Be2 Rf8 30. Bxa6 Qxe3 31. Kg1 Qxf2# 0-1


[Site "https://www.chess.com"]

[Event "Titled Tuesday Blitz July 6 2021"]
[White "Kotsur, Pavel"]
[Black "Mons, Leon"]
[WhiteFideId "13700278"]
[BlackFideId "4614950"]
[WhiteElo "2521"]
[BlackElo "2492"]
[Result "1-0"]
[Round "11"]
[TimeControl "180+1"]
[Date "2021.07.06"]
[WhiteClock "0:00:06"]
[BlackClock "0:00:12"]

1. e4 e5 2. Nf3 Nc6 3. Bb5 a6 4. Ba4 Nf6 5. O-O Be7 6. Re1 b5 7. Bb3 O-O 8. c3 d5 9. exd5 Nxd5 10. Nxe5 Nxe5 11. Rxe5 c6 12. d3 Bd6 13. Re1 Bf5 14. Nd2 Nf4 15. Ne4 Nxd3 16. Nxd6 Qxd6 17. Re2 Rfe8 18. Be3 Rad8 19. Bg5 Rc8 20. Bh4 c5 21. Bg3 Qg6 22. c4 Bg4 23. f3 Bf5 24. Qd2 Qf6 25. Bf2 h6 26. Rd1 Rxe2 27. Qxe2 Nxb2 28. Rc1 Nd3 29. Rd1 Nxf2 30. Qxf2 b4 31. g4 Bg6 32. Rd5 Qe7 33. Kg2 f6 34. Ba4 Be8 35. Bxe8 Rxe8 36. Rxc5 Qe6 37. Rc7 a5 38. Qa7 Qe2+ 39. Kg3 Qe5+ 40. Kg2 f5 41. Qc5 fxg4 42. Qxe5 gxf3+ 43. Kxf3 Rxe5 44. c5 Rh5 45. Kg3 Rd5 46. c6 Rc5 47. Rc8+ Kf7 48. c7 Rc3+ 49. Kf4 Kg6 50. h4 Kh5 51. Kf5 g6+ 52. Ke6 a4 53. Kd6 b3 54. axb3 axb3 55. Rb8 Kxh4 56. Rxb3 Rxc7 57. Kxc7 g5 58. Kd6 g4 59. Ke5 Kg5 60. Ke4 h5 61. Ke3 h4 62. Kf2 Kf5 63. Kg2 Kg5 64. Rb4 Kf5 65. Ra4 Kg5 66. Ra5+ Kf4 67. Rb5 h3+ 68. Kh2 Kf3 69. Rb3+ Kf4 70. Rb4+ Kf3 71. Rb8 Kf4 72. Rf8+ Ke4 73. Kg3 1-0


[Site "https://www.chess.com"]